[Event "Late-Titled-Tuesday-Blitz-March-05-2024"]
[Site "Chess.com"]
[Date "2024.03.05"]
[Round "10"]
[White "Roedor"]
[Black "cthulhuuu"]
[Result "0-1"]
[WhiteElo "2295"]
[BlackElo "2427"]
[TimeControl "180+1"]
[EndTime "15:46:49 PST"]
[Termination "cthulhuuu won by resignation"]

1. c4 Nf6 2. g3 g6 3. Bg2 Bg7 4. Nc3 O-O 5. Nf3 d6 6. O-O c5 7.
d4 cxd4 8. Nxd4 Qa5 9. Nb3 Qh5 10. h4 Nc6 11. e4 Qxd1 12. Rxd1 Ne5 13. c5 Bg4 14.
Re1 Nf3+ 15. Bxf3 Bxf3 16. cxd6 exd6 17. Bf4 Rfe8 18. Bxd6 Nxe4 19. Nxe4 Bxe4 20. Ba3 b6 21. Rad1 Bf3 22. Rd7 Rxe1+ 0-1

[Event "Late-Titled-Tuesday-Blitz-March-05-2024"]
[Site "Chess.com"]
[Date "2024.03.05"]
[Round "10"]
[White "Slovineanu"]
[Black "Walter_White_Poland"]
[Result "1-0"]
[WhiteElo "2485"]
[BlackElo "2362"]
[TimeControl "180+1"]
[EndTime "15:46:54 PST"]
[Termination "Slovineanu won by resignation"]

1. d4 d5 2. Nf3 Nf6 3. c4 e6 4. e3 Be7 5. b3 O-O 6. Bd3 b6 7. O-O Bb7 8. Bb2 c5 9. Qe2 Nbd7 10.
Nc3 Rc8 11. Rad1 Qc7 12. Ne5 Nxe5 13. dxe5 Nd7 14. f4 f6 15. cxd5 fxe5 16. dxe6 Nf6 17. Nb5 Qc6 18. Nxa7 1-0

[Event "Late-Titled-Tuesday-Blitz-March-05-2024"]
[Site "Chess.com"]
[Date "2024.03.05"]
[Round "10"]
[White "Sanan_Sjugirov"]
[Black "ContrVersia"]
[Result "1-0"]
[WhiteElo "2997"]
[BlackElo "2863"]
[TimeControl "180+1"]
[EndTime "15:47:22 PST"]
[Termination "Sanan_Sjugirov won by resignation"]

1. e4 e5 2. Nf3 Nc6 3. Bb5 Bc5 4. c3 Nf6 5. O-O O-O 6. d4 Bb6 7. Re1 d6 8. Bg5 h6 9. Bh4 g5 10. Bg3 exd4 11. Bxc6 bxc6 12. Nxd4 Re8 13. Nd2 Bg4 14. Qc2 Qd7 15. h3 Bh5 16. Nf5 Kh7 17. a4 a6 18. Nc4 Nxe4 19. Nfxd6 cxd6 20. Nxb6 1-0

[Event "Late-Titled-Tuesday-Blitz-March-05-2024"]
[Site "Chess.com"]
[Date "2024.03.05"]
[Round "10"]
[White "cristiano78"]
[Black "KorolDimitriy75"]
[Result "0-1"]
[WhiteElo "2282"]
[BlackElo "2404"]
[TimeControl "180+1"]
[EndTime "15:47:32 PST"]
[Termination "KorolDimitriy75 won by resignation"]

1. d4 Nf6 2. c4 c5 3. d5 b5 4. cxb5 a6 5. bxa6 g6 6. Nc3 Bxa6 7. g3 d6 8. Bg2 Bg7 9. Nf3 O-O 10. Rb1 Nbd7 11. O-O Qa5 12. Bd2 Rfb8 13. b3 Qa3 14. Qc2 Ng4 15. h3 Nge5 16. Nxe5 Nxe5 17.
f4 Nd7 18. Kh2 c4 19. Rfe1 Nc5 20. e4 cxb3 21. axb3 Bd3 22. Qd1 Bxb1 23. Qxb1 Rxb3 24. Qc1 Bxc3 25. Qxa3 Raxa3 26. Bxc3 Rxc3 27. e5 Rc2 28. Kg1 Rxg3 0-1

[Event "Late-Titled-Tuesday-Blitz-March-05-2024"]
[Site "Chess.com"]
[Date "2024.03.05"]
[Round "10"]
[White "venturov"]
[Black "ACollins05"]
[Result "0-1"]
[WhiteElo "2477"]
[BlackElo "2610"]
[TimeControl "180+1"]
[EndTime "15:47:53 PST"]
[Termination "ACollins05 won by resignation"]

1. e4 c5 2. Nf3 d6 3. d4 cxd4 4. Nxd4 Nf6 5. Nc3 Nc6 6. Bc4 Qb6 7. Nxc6 bxc6 8. O-O g6 9. Be3 Qxb2 10. Qd2 Qb7 11.
Rab1 Qc7 12. f4 Bg7 13. e5 Ng4 14. exd6 Qxd6 15. Qe1 Nxe3 16. Ne4 Qd4 17. Bxf7+ Kxf7 18. Rb4 Nxc2+ 19. Rxd4 Bxd4+ 0-1

[Event "Late-Titled-Tuesday-Blitz-March-05-2024"]
[Site "Chess.com"]
[Date "2024.03.05"]
[Round "10"]
[White "Vesapesa"]
[Black "LUISMIGUELOV"]
[Result "1/2-1/2"]
[WhiteElo "2217"]
[BlackElo "2160"]
[TimeControl "180+1"]
[EndTime "15:47:56 PST"]
[Termination "Game drawn by agreement"]

1. e4 c6 2. d4 d5 3. exd5 cxd5 4. Bd3 Nc6 5. c3 Qc7 6. Ne2 Bg4 7. h3 Bd7 8. Bf4 Qb6 9. Qb3 Qxb3 10. axb3 a6 11. Nd2 e6 12. b4 Rc8 13. Nb3 Nf6 14. Nc5 Bxc5 15. bxc5 Ne4 16. Bxe4 dxe4 17. Bd6 f5 18. b4 Kf7 19. O-O Ne7 20. f3 exf3 21.
Rxf3 Bb5 22. Ng3 g6 23. Re1 Rhe8 24. Ne2 Nd5 25. Nf4 Nxf4 26. Bxf4 Bc4 27. Rfe3 Rc6 28. Bd6 b6 29. g3 bxc5 30. dxc5 h5 31. Kf2 1/2-1/2

[Event "Late-Titled-Tuesday-Blitz-March-05-2024"]
[Site "Chess.com"]
[Date "2024.03.05"]
[Round "10"]
[White "ljuks68"]
[Black "xasid81"]
[Result "0-1"]
[WhiteElo "2445"]
[BlackElo "2580"]
[TimeControl "180+1"]
[EndTime "15:48:00 PST"]
[Termination "xasid81 won by resignation"]

1. e4 c6 2. d4 d5 3. e5 c5 4.
Nf3 Nc6 5. c4 e6 6. Nc3 dxc4 7.
d5 exd5 8. Nxd5 Be6 9. Bxc4 Nge7 10. Ne3 Qxd1+ 11. Kxd1 Ng6 12. Bxe6 fxe6 13. Ng5 Ke7 14. Ne4 Rd8+ 15. Ke2 Nd4+ 16. Kf1 b6 17. Nc4 h6 18. h4 Nc2 0-1

[Event "Late-Titled-Tuesday-Blitz-March-05-2024"]
[Site "Chess.com"]
[Date "2024.03.05"]
[Round "10"]
[White "DonBroca"]
[Black "ritanovikova"]
[Result "1-0"]
[WhiteElo "2162"]
[BlackElo "2201"]
[TimeControl "180+1"]
[EndTime "15:48:03 PST"]
[Termination "DonBroca won by resignation"]

1. e4 d5 2. exd5 Qxd5 3. c4 Qd6 4. d4 Nf6 5. Nc3 Bf5 6. Nf3 e6 7. Bd3 Bxd3 8. Qxd3 c6 9. O-O Be7 10. Bg5 O-O 11. Rad1 Qc7 12. Rfe1 Na6 13. a3 Rad8 14.
Qe3 Nb8 15. h3 a6 16. Ne5 Nbd7 17. Bf4 Bd6 18. Nxd7 Rxd7 19. Bxd6 Rxd6 20. Ne4 Nxe4 21. Qxe4 Rfd8 22. Re3 Qd7 23. Red3 c5 24. d5 exd5 25.
Rxd5 Qe6 26. Qxe6 Rxd5 27. Rxd5 Rf8 28. Qe7 1-0

[Event "Late-Titled-Tuesday-Blitz-March-05-2024"]
[Site "Chess.com"]
[Date "2024.03.05"]
[Round "10"]
[White "secretworker2027"]
[Black "Igor_Lysyj"]
[Result "0-1"]
[WhiteElo "2672"]
[BlackElo "2840"]
[TimeControl "180+1"]
[EndTime "15:48:17 PST"]
[Termination "Igor_Lysyj won by resignation"]

1. e4 e5 2. Nf3 Nc6 3. Bb5 a6 4. Ba4 Nf6 5. d3 Bc5 6. Be3 Bxe3 7.
fxe3 d6 8. O-O O-O 9. Nbd2 b5 10.
Bb3 Na5 11. Qe1 Nxb3 12. axb3 h6 13. Nh4 g6 14. c4 Rb8 15. Qf2 Nh7 16. d4 bxc4 17.
Nxc4 exd4 18. exd4 Rxb3 19. e5 Be6 20. Ne3 dxe5 21. d5 Bc8 22. g3 Ng5 23. Qd2 Bb7 24.
Ra3 Rxa3 25. bxa3 Qe7 26. Ng4 Qc5+ 27. Rf2 Nh3+ 28. Kg2 Nxf2 29. Nxh6+ Kh7 30. N6f5 Qxd5+ 31. Kxf2 Qxd2+ 0-1

[Event "Late-Titled-Tuesday-Blitz-March-05-2024"]
[Site "Chess.com"]
[Date "2024.03.05"]
[Round "10"]
[White "secretsuperstar7"]
[Black "TheAlienParty"]
[Result "0-1"]
[WhiteElo "2490"]
[BlackElo "2409"]
[TimeControl "180+1"]
[EndTime "15:48:26 PST"]
[Termination "TheAlienParty won by resignation"]

1. c4 e5 2. Nc3 Nc6 3. Nf3 f5 4. d4 e4 5. Ng5 h6 6. Nh3 g5 7. g3 Bg7 8. Bg2 Nxd4 9. O-O c6 10.
e3 Nf3+ 11. Bxf3 exf3 12. e4 Bxc3 13. bxc3 fxe4 14. Re1 d5 15. Qxf3 g4 16. Qe2 gxh3 17. Qh5+ Kf8 18. Ba3+ Kg7 19. cxd5 Qxd5 20. Qe2 Qd3 21.
Qh5 Nf6 22. Qe2 Qxe2 23. Rxe2 Bg4 24. Rd2 Rhd8 25. Rxd8 Rxd8 26. c4 b6 27. f3 exf3 28.
Kf2 Kg6 29. Ke3 Re8+ 30. Kf2 Re2+ 31. Kf1 Rxh2 0-1

[Event "Late-Titled-Tuesday-Blitz-March-05-2024"]
[Site "Chess.com"]
[Date "2024.03.05"]
[Round "10"]
[White "Szparu"]
[Black "jk13"]
[Result "0-1"]
[WhiteElo "2783"]
[BlackElo "2664"]
[TimeControl "180+1"]
[EndTime "15:48:27 PST"]
[Termination "jk13 won by resignation"]

1. e4 e5 2. f4 exf4 3. Nf3 Ne7 4. d4 d5 5. exd5 Nxd5 6. Bd3 Be7 7. O-O O-O 8. Nc3 Ne3 9. Bxe3 fxe3 10. Qe1 Nc6 11. Qxe3 Bf6 12. Ne2 Re8 13. Qf2 Nb4 14. Nf4 Nxd3 15.
Nxd3 c6 16. Nfe5 Be6 17. c3 Qc7 18. a3 Rad8 19. Rae1 b6 20. h3 Bb3 21. Ng4 Bg5 22.
h4 Rxe1 23. Rxe1 Be7 24. h5 h6 25. Nde5 Be6 26. Qg3 Bg5 27. Kh2 c5 28. Nf3 Bf4 29. Nge5 Bxg3+ 30. Kxg3 f6 0-1

[Event "Late-Titled-Tuesday-Blitz-March-05-2024"]
[Site "Chess.com"]
[Date "2024.03.05"]
[Round "10"]
[White "jlf287"]
[Black "DeTimmerman"]
[Result "0-1"]
[WhiteElo "2557"]
[BlackElo "2766"]
[TimeControl "180+1"]
[EndTime "15:48:32 PST"]
[Termination "DeTimmerman won by resignation"]

1. d4 Nf6 2. c4 e6 3. Nf3 d5 4. g3 Be7 5. Bg2 O-O 6. O-O dxc4 7. Qc2 b5 8. a4 b4 9. Nfd2 c6 10. Nxc4 Qxd4 11. Be3 Qg4 12. Bf3 Qh3 13. Nbd2 Nd5 14. Ne4 Nd7 15. Bg2 Qh5 16. Ned6 Ba6 17. Bf3 Qg6 18.
Be4 f5 19. Bg2 Bxd6 20. Nxd6 Nxe3 21. fxe3 Ne5 22. Qc5 Ng4 23. Qxc6 Bxe2 24. Rfe1 Bd3 25. Rad1 Rad8 26. Rxd3 Ne5 27. Qc4 Nxc4 0-1

[Event "Late-Titled-Tuesday-Blitz-March-05-2024"]
[Site "Chess.com"]
[Date "2024.03.05"]
[Round "10"]
[White "morte-negra"]
[Black "Veleamater"]
[Result "1-0"]
[WhiteElo "2086"]
[BlackElo "2308"]
[TimeControl "180+1"]
[EndTime "15:48:42 PST"]
[Termination "morte-negra won by checkmate"]

1. e4 d6 2. d4 g6 3. Nc3 Bg7 4. Be3 Nf6 5. Qd2 Nc6 6. f3 O-O 7. h4 e5 8. d5 Nd4 9. Bxd4 exd4 10. Qxd4 Nxe4 11. Qd3 Nxc3 12. bxc3 Bf5 13. Qd2 Qf6 14.
Ne2 Rfe8 15. Kf2 h5 16. Nd4 Bd7 17. Bd3 Kh7 18. g4 Bxg4 19. Rag1 Bh6 20. Qd1 c5 21. dxc6 bxc6 22. Rxg4 hxg4 23. h5 c5 24. hxg6+ fxg6 25.
Qd2 g3+ 26. Kg2 cxd4 27. Qxh6+ Kg8 28. Bc4+ Re6 29. Bxe6+ Qxe6 30. Qh8+ Kf7 31. Rh7# 1-0

[Event "Late-Titled-Tuesday-Blitz-March-05-2024"]
[Site "Chess.com"]
[Date "2024.03.05"]
[Round "10"]
[White "Bryanl106"]
[Black "GMAkobianSTL"]
[Result "0-1"]
[WhiteElo "2654"]
[BlackElo "2814"]
[TimeControl "180+1"]
[EndTime "15:48:43 PST"]
[Termination "GMAkobianSTL won by resignation"]

1. e4 d6 2. d4 Nf6 3. Nc3 c6 4. f3 Nbd7 5. Be3 e5 6. Nge2 Be7 7. Qd2 O-O 8. g4 Qc7 9. h4 b5 10. h5 b4 11. Nd1 d5 12. g5 Ne8 13. exd5 cxd5 14. Nf2 Nd6 15. b3 Nf5 16. Bh3 Nxe3 17. Qxe3 Re8 18. g6 fxg6 19. hxg6 Nf6 20. gxh7+ Kh8 21.
dxe5 Bc5 22. Qd2 Qxe5 23. Rd1 Bxh3 24. Rxh3 Qf5 0-1

[Event "Late-Titled-Tuesday-Blitz-March-05-2024"]
[Site "Chess.com"]
[Date "2024.03.05"]
[Round "10"]
[White "AlexeiShirov"]
[Black "Jospem"]
[Result "0-1"]
[WhiteElo "2873"]
[BlackElo "3103"]
[TimeControl "180+1"]
[EndTime "15:48:57 PST"]
[Termination "Jospem won by resignation"]

1. e4 e5 2. Nf3 Nc6 3. Bb5 a6 4. Ba4 Nf6 5. O-O Be7 6. Re1 b5 7. Bb3 d6 8. c3 O-O 9. h3 Be6 10. d4 Bxb3 11. axb3 h6 12. Nbd2 Re8 13. d5 Nb8 14.
Nf1 c6 15. c4 cxd5 16. cxd5 Nbd7 17. Ng3 Qc7 18. Be3 Rec8 19. Rc1 Qb7 20. Qd2 Bf8 21.
Nf5 Nxe4 22. Qd3 Nef6 23. Nd2 Qxd5 24. Qxd5 Nxd5 25. Ne4 Nxe3 26. Nxe3 Nc5 27. Nxc5 dxc5 28. Nd5 Rd8 29. Rxe5 f6 30. Rf5 Kf7 0-1

[Event "Late-Titled-Tuesday-Blitz-March-05-2024"]
[Site "Chess.com"]
[Date "2024.03.05"]
[Round "10"]
[White "Oleksandr_Bortnyk"]
[Black "VojtechPlat"]
[Result "1-0"]
[WhiteElo "2994"]
[BlackElo "2870"]
[TimeControl "180+1"]
[EndTime "15:48:57 PST"]
[Termination "Oleksandr_Bortnyk won by resignation"]

1. d4 d5 2. Nc3 Nf6 3. Bf4 c6 4. e3 g6 5. h4 Bg7 6. h5 Nxh5 7. Rxh5 gxh5 8. Qxh5 Be6 9. Bd3 Nd7 10. Nf3 Nf6 11.
Qh4 Qa5 12. O-O-O Bg4 13. Rh1 Bxf3 14. gxf3 Nd7 15. Qg3 Bf6 16. Bc7 Nb6 17. Rxh7 Rxh7 18. Bxh7 Kd7 19. Bf5+ e6 20. Qd6+ Ke8 21. Bxe6 fxe6 22.
Qxe6+ Be7 23. f4 Qb4 24. f5 Nd7 25. a3 Nf8 26. Qe5 Qc4 27. Bd6 1-0

[Event "Late-Titled-Tuesday-Blitz-March-05-2024"]
[Site "Chess.com"]
[Date "2024.03.05"]
[Round "10"]
[White "Arlo2024"]
[Black "Bkmzzzzz"]
[Result "1-0"]
[WhiteElo "2289"]
[BlackElo "2388"]
[TimeControl "180+1"]
[EndTime "15:49:06 PST"]
[Termination "Arlo2024 won by resignation"]

1. e4 d6 2. d4 Nf6 3. Nc3 e5 4. Nf3 Nbd7 5. Bc4 Be7 6. O-O O-O 7. a4 c6 8. Re1 b6 9. h3 a6 10. Bg5 h6 11. Be3 Rb8 12. Qd2 b5 13. axb5 axb5 14. Bd3 Qc7 15. Ne2 d5 16. Ng3 dxe4 17. Nxe4 Nxe4 18.
Bxe4 exd4 19. Nxd4 c5 20. Nc6 Nf6 21. Bf4 Nxe4 22.
Bxc7 Nxd2 23. Nxe7+ Kh7 24. Bxb8 Be6 25. Bd6 Nc4 26.
Bxc5 Re8 27. b3 1-0

[Event "Late-Titled-Tuesday-Blitz-March-05-2024"]
[Site "Chess.com"]
[Date "2024.03.05"]
[Round "10"]
[White "ZachHKL"]
[Black "katharinareinecke"]
[Result "0-1"]
[WhiteElo "2129"]
[BlackElo "1983"]
[TimeControl "180+1"]
[EndTime "15:49:07 PST"]
[Termination "katharinareinecke won by resignation"]

1. c4 c6 2. d4 d5 3. g3 Nf6 4. Bg2 e6 5. Qc2 Be7 6. Nf3 O-O 7.
O-O Ne4 8. Nbd2 f5 9. Ne5 Nd7 10.
Ndf3 Ndf6 11. b3 Bd7 12. Bb2 Be8 13. Nd2 Bg6 14. f3 Nxd2 15. Qxd2 Nd7 16. Nxg6 hxg6 17.
e4 Nf6 18. Rae1 fxe4 19. fxe4 Nxe4 20. Bxe4 Rxf1+ 21. Rxf1 dxe4 22. Qf4 Bf6 23. Qxe4 Qd7 24. Kg2 Rd8 25. Qf4 g5 26. Qf3 c5 27. Rd1 cxd4 28. Qe4 e5 29. Ba3 Qc6 30. Kf3 g4+ 0-1

[Event "Late-Titled-Tuesday-Blitz-March-05-2024"]
[Site "Chess.com"]
[Date "2024.03.05"]
[Round "10"]
[White "AndresDelgado77"]
[Black "KerryStead"]
[Result "1-0"]
[WhiteElo "2292"]
[BlackElo "2069"]
[TimeControl "180+1"]
[EndTime "15:49:16 PST"]
[Termination "AndresDelgado77 won by resignation"]

1. e4 c6 2. Nc3 d5 3. Qf3 d4 4.
Bc4 Nf6 5. Nce2 e5 6. Nh3 Bg4 7. Qg3 Nbd7 8. Ng5 Bh5 9. f4 Qc7 10. d3 Bxe2 11. Kxe2 O-O-O 12. Nxf7 Bd6 13. f5 b5 14. Be6 Kb7 15. Nxh8 Rxh8 16. Qxg7 Rd8 17. Bg5 Bf8 18. Qf7 1-0

[Event "Late-Titled-Tuesday-Blitz-March-05-2024"]
[Site "Chess.com"]
[Date "2024.03.05"]
[Round "10"]
[White "Rud_2008"]
[Black "madstalk3rs"]
[Result "1-0"]
[WhiteElo "2775"]
[BlackElo "2642"]
[TimeControl "180+1"]
[EndTime "15:49:29 PST"]
[Termination "Rud_2008 won by resignation"]

1. e4 c5 2. Nf3 d6 3. Bb5+ Bd7 4. c4 g6 5. Nc3 Bg7 6. O-O Nf6 7. Bxd7+ Qxd7 8.
d4 cxd4 9. Qxd4 O-O 10. Bg5 Nc6 11. Qd3 Rac8 12. Rac1 h6 13. Bd2 a6 14. Rfd1 Qe6 15. b3 Rfd8 16. h3 Ne5 17. Nxe5 dxe5 18. Nd5 b5 19.
Ba5 bxc4 20. bxc4 Rf8 21. Qa3 Kh7 22. Nxe7 Rxc4 23. Rxc4 Qxc4 24. f3 Re8 25. Nd5 Bf8 26.
Nxf6+ Kh8 27. Qb3 Qc5+ 28. Kh1 Re6 29. Nd7 Qxa5 30. Nxf8 Rf6 31. Nd7 Re6 32. Qb8+ Kh7 33. Nf8+ 1-0

[Event "Late-Titled-Tuesday-Blitz-March-05-2024"]
[Site "Chess.com"]
[Date "2024.03.05"]
[Round "10"]
[White "vladgoncharov"]
[Black "titomagno_64"]
[Result "1-0"]
[WhiteElo "2616"]
[BlackElo "2337"]
[TimeControl "180+1"]
[EndTime "15:49:44 PST"]
[Termination "vladgoncharov won on time"]

1. d4 Nf6 2. c4 g6 3. Nc3 d5 4.
cxd5 Nxd5 5. e4 Nxc3 6. bxc3 Bg7 7. Nf3 c5 8. Bb5+ Nc6 9. O-O O-O 10. Bxc6 bxc6 11. Qc2 cxd4 12. cxd4 Bg4 13. Ne5 Bd7 14. f4 Rc8 15. Be3 Be8 16. Rab1 Qa5 17. Rb7 e6 18. Rfb1 Bxe5 19. fxe5 c5 20. dxc5 Bc6 21. R7b4 Rfd8 22.
h4 a6 23. Qf2 Rd3 24. Bh6 Qd8 25. h5 a5 26. Rb8 Rd1+ 27. Kh2 Rxb1 28. Rxc8 1-0

[Event "Late-Titled-Tuesday-Blitz-March-05-2024"]
[Site "Chess.com"]
[Date "2024.03.05"]
[Round "10"]
[White "Vegan4future"]
[Black "Pelusiansky"]
[Result "1-0"]
[WhiteElo "2504"]
[BlackElo "2551"]
[TimeControl "180+1"]
[EndTime "15:49:56 PST"]
[Termination "Vegan4future won by checkmate"]

1. e4 c6 2. Nc3 d5 3. Qf3 dxe4 4.
Nxe4 Nf6 5. Nxf6+ exf6 6. d4 Bd6 7. Bd3 O-O 8. Ne2 Nd7 9. O-O Re8 10. Bf4 Nf8 11. c3 Be6 12. Qg3 Bxf4 13. Nxf4 Ng6 14.
Nh5 a5 15. f4 f5 16. Rfe1 a4 17. a3 Qb6 18. Re2 c5 19. dxc5 Qxc5+ 20. Kh1 Rad8 21. Rae1 h6 22. Bc2 Qb5 23. h4 Bb3 24. Rxe8+ Rxe8 25. Rxe8+ Qxe8 26. Bxf5 Qe2 27. Bg4 Qf1+ 28. Kh2 Bd5 29. f5 Nxh4 30. Nf6+ Kh8 31. Qb8# 1-0

[Event "Late-Titled-Tuesday-Blitz-March-05-2024"]
[Site "Chess.com"]
[Date "2024.03.05"]
[Round "10"]
[White "Fandorine"]
[Black "nindjaxx8"]
[Result "1-0"]
[WhiteElo "2901"]
[BlackElo "2705"]
[TimeControl "180+1"]
[EndTime "15:50:00 PST"]
[Termination "Fandorine won by resignation"]

1. e4 e6 2. d4 d5 3. Nc3 Bb4 4. e5 c5 5. a3 Bxc3+ 6. bxc3 Ne7 7. a4 Qc7 8. Nf3 Nbc6 9. Be2 b6 10. O-O Bb7 11. Re1 h6 12. Ba3 O-O 13. Bd3 Rfc8 14. h4 cxd4 15. cxd4 Na5 16. h5 Nc4 17. Bc1 Qd7 18. c3 Kf8 19. Bc2 Rc6 20. Qd3 Rac8 21. Qh7 Ng8 22. Qh8 Qe8 23. Bd3 Ke7 24. Qxg7 Kd7 25. Bxh6 Nxh6 26. Qxh6 a6 27. Qf6 Nb2 28. Be2 Rxc3 29. Ng5 Qe7 30. Nxf7 Rf8 31. Qxe7+ Kxe7 32. Nd6 Bc6 33. Rec1 Rxc1+ 34. Rxc1 Bxa4 35.
Rc7+ Bd7 36. Bxa6 Nd1 37. Bb5 Rd8 38. h6 1-0

[Event "Late-Titled-Tuesday-Blitz-March-05-2024"]
[Site "Chess.com"]
[Date "2024.03.05"]
[Round "10"]
[White "kalxandria"]
[Black "Penafiel-Josselyne02"]
[Result "0-1"]
[WhiteElo "2149"]
[BlackElo "2063"]
[TimeControl "180+1"]
[EndTime "15:50:03 PST"]
[Termination "Penafiel-Josselyne02 won by checkmate"]

1. e4 c5 2. Nf3 d6 3. d4 cxd4 4. Nxd4 Nf6 5. Nc3 Nc6 6. Bc4 e6 7. Bb3 Be7 8. Be3 O-O 9. O-O a6 10. f4 Bd7 11. Kh1 Nxd4 12. Bxd4 Bc6 13. Qe2 b5 14.
Rad1 b4 15. e5 bxc3 16. exf6 Bxf6 17. Bxf6 Qxf6 18. Rxd6 Bb5 19. Bc4 cxb2 20. f5 Bxc4 21. Qxc4 Rab8 22. Rdd1 exf5 23. Qd3 g6 24. Qa3 Rfc8 25.
Qa4 Qc6 26. Qa5 Qxc2 27. h3 b1=Q 28. Rxb1 Rxb1 29. Rxb1 Qxb1+ 30. Kh2 Qb8+ 31. Kh1 Rc1+ 32. Qe1 Rxe1# 0-1

[Event "Late-Titled-Tuesday-Blitz-March-05-2024"]
[Site "Chess.com"]
[Date "2024.03.05"]
[Round "10"]
[White "lamomiajunior"]
[Black "ckgchess"]
[Result "0-1"]
[WhiteElo "2720"]
[BlackElo "2914"]
[TimeControl "180+1"]
[EndTime "15:50:10 PST"]
[Termination "ckgchess won by resignation"]

1. d4 Nf6 2. c4 g6 3. Nc3 Bg7 4. e4 O-O 5. h3 c5 6. d5 e6 7. Nf3 d6 8. Bd3 Re8 9. O-O Na6 10. Bg5 h6 11. Bd2 Nc7 12. Re1 exd5 13. cxd5 b5 14. Nxb5 Nxb5 15. Bxb5 Rxe4 16. Bc6 Rb8 17. Bc3 Bf5 18.
Nd2 Rxe1+ 19. Qxe1 Bd7 20. Nc4 Bxc6 21. dxc6 Qc7 22. Rd1 Qxc6 23. Rxd6 Qe4 24. Ne3 Ne8 25. Rd1 Bd4 26. Bxd4 cxd4 27. Nc4 Qd5 28. b3 Rd8 29. Qd2 Kg7 30. Qf4 Nf6 31. Qe5 Qd7 32. Rd3 g5 33.
Ne3 Kg6 34. Qe4+ Nxe4 0-1

[Event "Late-Titled-Tuesday-Blitz-March-05-2024"]
[Site "Chess.com"]
[Date "2024.03.05"]
[Round "10"]
[White "BilicVladimir"]
[Black "Sinquefield"]
[Result "0-1"]
[WhiteElo "2601"]
[BlackElo "2520"]
[TimeControl "180+1"]
[EndTime "15:50:10 PST"]
[Termination "Sinquefield won by resignation"]

1. e4 e6 2. d4 d5 3. Nd2 Nf6 4. e5 Nfd7 5. Bd3 c5 6. c3 Nc6 7. Ne2 cxd4 8. cxd4 f6 9. exf6 Nxf6 10. Nf3 Bd6 11. O-O Qc7 12. Bg5 O-O 13. Bh4 Nh5 14.
Bg3 Nxg3 15. hxg3 g6 16. Qd2 a6 17. Rac1 Qg7 18. Rfd1 Bd7 19. Bc2 Rf6 20. Ba4 b5 21. Bb3 Raf8 22. Qe3 h6 23. Rc2 g5 24. Rdc1 g4 25.
Nh4 Rxf2 26. Rxc6 Bxc6 27. Rxc6 Rxe2 28. Qxe2 Qxd4+ 29. Kh2 Bxg3+ 30. Kh1 Qf6 31. Kg1 Bf2+ 32. Kf1 Bxh4+ 33. Kg1 Bf2+ 34. Kf1 Bg3+ 35. Kg1 Bf2+ 36. Kf1 Bd4+ 37. Ke1 Qh4+ 38. Kd1 Qh1+ 39. Qe1 Rf1 40.
Rxe6 Rxe1+ 41. Rxe1 Qxg2 42. Re2 Qf3 43. Kd2 g3 44.
Bxd5+ Qxd5 0-1

[Event "Late-Titled-Tuesday-Blitz-March-05-2024"]
[Site "Chess.com"]
[Date "2024.03.05"]
[Round "10"]
[White "corvachesky"]
[Black "IlanSchnaider"]
[Result "1-0"]
[WhiteElo "2522"]
[BlackElo "2614"]
[TimeControl "180+1"]
[EndTime "15:50:15 PST"]
[Termination "corvachesky won by resignation"]

1. Nf3 Nf6 2. d4 d5 3. g3 g6 4.
Bg2 Bg7 5. O-O O-O 6. b3 c5 7. Bb2 Ne4 8. Nbd2 Nc6 9. e3 Bf5 10. c3 Rc8 11. Nxe4 Bxe4 12. Bh3 Bf5 13. Bxf5 gxf5 14.
dxc5 e5 15. b4 e4 16. Nd4 Ne5 17. Nxf5 Qd7 18. Qh5 Nf3+ 19. Kg2 Bf6 20. Rad1 Kh8 21. Nd6 Rc7 22. Nxe4 dxe4 23. Rxd7 Rxd7 24. Qf5 Bg7 25. Qxd7 1-0

[Event "Late-Titled-Tuesday-Blitz-March-05-2024"]
[Site "Chess.com"]
[Date "2024.03.05"]
[Round "10"]
[White "northridgehawk"]
[Black "thesupera12"]
[Result "0-1"]
[WhiteElo "2328"]
[BlackElo "2481"]
[TimeControl "180+1"]
[EndTime "15:50:15 PST"]
[Termination "thesupera12 won by resignation"]

1. e4 b6 2. d4 Bb7 3. Bd3 e6 4.
Qe2 d5 5. Nd2 dxe4 6. Nxe4 Nf6 7. Nf3 h6 8. O-O Nbd7 9. Bf4 Be7 10. h3 O-O 11. Rfd1 Nxe4 12. Bxe4 Bxe4 13. Qxe4 Nf6 14. Qe2 Rc8 15. Ne5 Bd6 16. Nc6 Qd7 17. Ne5 Qa4 18. a3 Bxe5 19. Bxe5 Nd7 20. b3 Qc6 21. Bg3 Nf6 22. c4 Qe4 23. Qb2 Rfd8 24. Rd2 Qf5 25. Re1 Ne4 26. Rd3 Nxg3 27. Rxg3 Rd7 28. d5 g6 29. dxe6 fxe6 30. Re5 Qf6 31. Rf3 Qg7 32. Qe2 Re8 33. Rxe6 Rxe6 34. Qxe6+ Kh7 35.
Rg3 Re7 36. Qd5 h5 37. Rg5 Qf6 38. h4 Re1+ 39. Kh2 Qxf2 40. Qd7+ Kh6 41. Qh3 Qg1+ 42. Kg3 Re3+ 43. Kf4 Rxh3 44. gxh3 Qc1+ 45. Ke5 Qxa3 46.
Kd5 Qxb3 47. Kc6 Qxh3 48. Rd5 Qxh4 49. Kxc7 Qxc4+ 50. Kd6 Qxd5+ 0-1

[Event "Late-Titled-Tuesday-Blitz-March-05-2024"]
[Site "Chess.com"]
[Date "2024.03.05"]
[Round "10"]
[White "ameetghasi100"]
[Black "Msb2"]
[Result "0-1"]
[WhiteElo "2798"]
[BlackElo "3000"]
[TimeControl "180+1"]
[EndTime "15:50:18 PST"]
[Termination "Msb2 won on time"]

1. Nf3 d5 2. e3 e6 3. c4 Nf6 4. b3 Bd6 5. Bb2 O-O 6. Nc3 c5 7.
cxd5 exd5 8. d4 Nc6 9. dxc5 Bxc5 10. Be2 d4 11. exd4 Nxd4 12. Nxd4 Bxd4 13. O-O Bf5 14. Bf3 Rc8 15. Rc1 b5 16. Qd2 b4 17. Nb5 Bxb2 18.
Qxb2 Qb6 19. Rxc8 Rxc8 20. Nd4 Bd3 21. Rd1 Rc3 22. Nc6 h5 23. Qd2 Ne4 24. Ne7+ Kh7 25.
Qe1 Ng5 26. Rxd3 Rxd3 27. Be4+ Nxe4 28. Qxe4+ Qg6 29. Qe2 Rd2 30. Nxg6 Rxe2 31. Nf8+ Kg8 32. Kf1 Rd2 0-1

[Event "Late-Titled-Tuesday-Blitz-March-05-2024"]
[Site "Chess.com"]
[Date "2024.03.05"]
[Round "10"]
[White "janhelmer03"]
[Black "ATM622"]
[Result "0-1"]
[WhiteElo "2390"]
[BlackElo "2495"]
[TimeControl "180+1"]
[EndTime "15:50:20 PST"]
[Termination "ATM622 won on time"]

1. Nf3 Nf6 2. c4 e6 3. Nc3 d5 4. e3 Be7 5. b3 O-O 6. Bb2 c5 7.
cxd5 exd5 8. d4 b6 9. Be2 Nc6 10.
O-O Bf5 11. Rc1 Rc8 12. dxc5 bxc5 13. Na4 Ne4 14. Ne5 Nxe5 15. Bxe5 Bd6 16. Bxd6 Qxd6 17. Nc3 Nxc3 18. Rxc3 Qe5 19. Qd2 d4 20. exd4 cxd4 21.
Rxc8 Rxc8 22. Bd3 Bxd3 23. Qxd3 h6 24. g3 Rc3 25. Qa6 d3 26. Qxa7 d2 27. Qd7 Qe2 28. Qd8+ Kh7 29. Kg2 Rc1 0-1

[Event "Late-Titled-Tuesday-Blitz-March-05-2024"]
[Site "Chess.com"]
[Date "2024.03.05"]
[Round "10"]
[White "Qvalda"]
[Black "Zq1"]
[Result "0-1"]
[WhiteElo "2432"]
[BlackElo "2578"]
[TimeControl "180+1"]
[EndTime "15:50:22 PST"]
[Termination "Zq1 won on time"]

1. d4 Nf6 2. c4 a6 3. Nf3 e6 4. Bf4 c5 5. d5 b5 6. dxe6 fxe6 7. cxb5 axb5 8. e3 Qa5+ 9. Qd2 c4 10. Qxa5 Rxa5 11. Bxb8 Bb4+ 12. Nfd2 Ne4 13. Be5 O-O 14.
f3 d6 15. Bc3 Nxc3 16. Nxc3 d5 17. Kf2 Bc5 18. Ne2 e5 19. Ng3 Be6 20. Be2 d4 21. Nde4 dxe3+ 22. Ke1 Bd4 23. Rb1 Rxa2 24. Nd6 Rb8 25.
Nge4 Rxb2 26. Rxb2 Bxb2 27. Kd1 c3 28. Kc2 b4 29. Nc5 b3+ 30. Kb1 Ba3 31. Nxe6 c2+ 32.
Ka1 b2+ 33. Ka2 b1=Q+ 0-1